 Dungeon Sprint DCSS version 0.30-a0-122-g2a1322497e (webtiles) character file.

Game seed: 12100713428995650470

3973 mhtbhm the Eclecticist (level 10, 0/53 HPs)
             Began as a Deep Elf Earth Elementalist on Sept 15, 2022.
             Was a High Priest of Vehumet.
             Slain by a bog body (18 damage)
             ... in the Dungeon (Sprint VII: "The Pits") on Sept 16, 2022.
             The game lasted 00:07:50 (2171 turns).

mhtbhm the Eclecticist (DEEE)                       Turns: 2171, Time: 00:07:51

Health: 0/53       AC:  4    Str:  5    XL:     10   Next: 2%
Magic:  28/34      EV: 16    Int: 28    God:    Vehumet [*****.]
Gold:   0          SH:  0    Dex: 18    Spells: 27/45 levels left

rFire   . . .      SeeInvis .    k - +6 quarterstaff (speed)
rCold   . . .      Faith    .    (shield currently unavailable)
rNeg    . . .      Spirit   .    a - +0 troll leather armour
rPois   .          Reflect  .    (no helmet)
rElec   .          Harm     .    (no cloak)
rCorr   .          Rampage  .    (no gloves)
Will    +....      NoTele   +    (no boots)
Stlth   +++.......               (no amulet)
HPRegen 0.97/turn                e - +3 ring of dexterity
MPRegen 0.24/turn                g - +3 ring of intelligence

@: no status effects
A: no striking features
a: Renounce Religion


You were in the Dungeon.
You worshipped Vehumet.
Vehumet was extremely pleased with you.
You visited 1 branch

Inventory:

Hand Weapons
 k - a +6 quarterstaff of speed (weapon)
Missiles
 c - 2 poisoned darts
 q - a curare-tipped dart (quivered)
Armour
 a - a +0 troll leather armour (worn)
Jewellery
 e - a +3 ring of dexterity (left hand)
 g - a +3 ring of intelligence (right hand)
Scrolls
 i - 4 scrolls of amnesia
 j - a scroll of summoning
Potions
 b - 5 potions of magic
 d - 6 potions of heal wounds
 f - 3 potions of berserk rage
 h - 2 potions of invisibility
 l - 7 potions of curing
 m - a potion of brilliance
 n - a potion of resistance
 o - a potion of might
 p - a potion of mutation


   Skills:
 + Level 2.0 Fighting
 + Level 2.3 Armour
 + Level 8.6 Dodging
 + Level 5.9 Stealth
 + Level 18.4 Spellcasting
 + Level 8.7 Conjurations
 + Level 1.3 Transmutations
 + Level 1.3 Fire Magic
 + Level 1.3 Air Magic
 + Level 15.5 Earth Magic
 + Level 1.5 Poison Magic


You had 27 spell levels left.
You knew the following spells:

 Your Spells              Type           Power      Damage    Failure   Level
a - Sandblast             Erth           100%       2d20      0%          1
b - Foxfire               Conj/Fire      100%       2x1d9     1%          1
c - Stone Arrow           Conj/Erth      100%       3d13      1%          3
d - Petrify               Tmut/Erth      64%        N/A       1%          4
e - Searing Ray           Conj           100%       2d8       1%          2
f - Mephitic Cloud        Conj/Pois/Air  47%        N/A       1%          3
g - Sticky Flame          Conj/Fire      52%        2d7       1%          4

Your spell library contained the following spells:

 Spells                   Type           Power      Damage    Failure   Level
 Orb of Destruction       Conj           33%        9d10      17%         7
 Passwall                 Tmut/Erth      53%        N/A       1%          2


Dungeon Overview and Level Annotations

Branches:
Dungeon (1/1)

Altars:
Ashenzari
Cheibriados
Dithmenos
Elyvilon
Fedhas
Gozag
Hepliaklqana
Kikubaaqudgha
Makhleb
Nemelex Xobeh
Okawaru
Qazlal
Ru
Sif Muna
Trog
Uskayaw
Vehumet
Wu Jian
Xom
Yredelemnul
Zin
The Shining One
Jiyva
Lugonu


Message History

Confirm with . or Enter, or press ? or * to list all spells.
Aiming: Searing Ray (safe; 1% risk of failure)
Press: ? - help, Shift-Dir - straight line, f - bog body
Aim: a bog body (85% to hit)
The searing ray hits the dream sheep!
The dream sheep is heavily wounded.
The searing ray hits the bog body.
The bog body is lightly damaged. (Press . to maintain the ray.)
The wyvern hisses angrily.
The rust devil screeches!
The dream sheep closely misses you.
The searing ray hits the dream sheep.
The dream sheep is severely wounded.
The dream sheep bites you!
Something unseen opens the door.
Unknown command.
Casting: Searing Ray (safe; 1% risk of failure)
Confirm with . or Enter, or press ? or * to list all spells.
Okay, then.
Casting: Searing Ray (safe; 1% risk of failure)
Confirm with . or Enter, or press ? or * to list all spells.
Aiming: Mephitic Cloud (safe; 1% risk of failure)
Press: ? - help, Shift-Dir - straight line, f - dream sheep, p - bog body
Aim: a dream sheep (severely wounded, chance to affect: 58%)
Okay, then.
Casting: Mephitic Cloud (safe; 1% risk of failure)
Confirm with . or Enter, or press ? or * to list all spells.
Aiming: Sticky Flame (dangerous; 1% risk of failure)
Press: ? - help, Shift-Dir - straight line, f/p - bog body
Aim: a bog body (lightly damaged, 100% to hit)
The sticky flame hits the bog body.
The bog body resists.
The bog body is lightly damaged.
The bog body is covered in liquid flames!
The bog body burns!
The bog body touches you! The bog body freezes you!!
* * * LOW HITPOINT WARNING * * *
The dream sheep ruffles its wool and motes of dream dust sparkle, to no effect.
Unknown command.
Unknown command.
You feel much better.
The bog body burns!
The dream sheep bites you! The bog body touches you. The bog body freezes you!!
You die...

.##......#...+ #...
.##....###...## ...#
.##...##.+...+.## ...#
.##..##..##'##..## ..#
.##..#..##...##..'.l.#
.##..#..#.....#)4#...#
###..'..'..)..))l'...+
###..#..#....)#nY#...#
[##..#..##...##.@+ Y.#
[##..##..##)##..## Y#
)##[.†##.+...+.## Y#
)##....###.).## Y#
)##......#...+ Y
##############


You could see a rust devil, a bog body (burning), a basilisk, a wyvern and a
dream sheep.

Vanquished Creatures
  A catoblepas (D)
  A deep troll (D)
  An orc knight (D)
  An unseen horror (D)
  A hellwing (D)
  A polar bear (D)
  A flying skull (D)
  A spriggan (D)
  2 fire bats (D)
  3 redbacks (D)
  A warg (D)
  A water moccasin (D)
  An orc warrior (D)
  2 kobold brigands (D)
  A bullfrog (D)
  A scorpion (D)
  A hound (D)
  2 jellies (D)
  2 orc priests (D)
  An iguana (D)
  2 orc wizards (D)
  3 gnolls (D)
  An ufetubus (D)
  A worm (D)
  2 orcs (D)
  2 bats (D)
  A bat zombie (D)
  A giant cockroach (D)
  A hobgoblin (D)
  3 kobolds (D)
  A giant cockroach zombie (D)
  2 rats (D)
46 creatures vanquished.

Vanquished Creatures (others)
  3 foxfires (D)
3 creatures vanquished.

Grand Total: 49 creatures vanquished

Notes
Turn   | Place    | Note
-------+----------+-------------------------------------------
     0 | D        | mhtbhm the Deep Elf Earth Elementalist began the quest for
                  | the Orb.
     0 | D        | Reached XP level 1. HP: 10/10 MP: 6/6
    27 | D        | Found a bloodstained altar of Trog.
    27 | D        | Found a shimmering blue altar of Sif Muna.
    27 | D        | Found a viscous altar of Jiyva.
    27 | D        | Found a hazy altar of Hepliaklqana.
    27 | D        | Found an opulent altar of Gozag.
    28 | D        | Found a glowing golden altar of the Shining One.
    28 | D        | Found a glowing silver altar of Zin.
    28 | D        | Found a basalt altar of Yredelemnul.
    28 | D        | Found a shimmering altar of Xom.
    28 | D        | Found an ornate altar of the Wu Jian Council.
    28 | D        | Found a sacrificial altar of Ru.
    28 | D        | Found a stormy altar of Qazlal.
    28 | D        | Found an iron altar of Okawaru.
    28 | D        | Found a sparkling altar of Nemelex Xobeh.
    28 | D        | Found a burning altar of Makhleb.
    28 | D        | Found a blossoming altar of Fedhas.
    28 | D        | Found a white marble altar of Elyvilon.
    28 | D        | Found a shadowy altar of Dithmenos.
    28 | D        | Found a snail-covered altar of Cheibriados.
    30 | D        | Found a radiant altar of Vehumet.
    30 | D        | Found a corrupted altar of Lugonu.
    31 | D        | Found a hide-covered altar of Uskayaw.
    31 | D        | Found an ancient bone altar of Kikubaaqudgha.
    31 | D        | Found a broken altar of Ashenzari.
    40 | D        | Became a worshipper of Vehumet
    83 | D        | Reached XP level 2. HP: 15/15 MP: 4/8
   124 | D        | Reached * piety under Vehumet
   124 | D        | Offered knowledge of Foxfire by Vehumet.
   125 | D        | Reached skill level 4 in Spellcasting
   125 | D        | Reached skill level 5 in Earth Magic
   162 | D        | Noticed a kobold brigand
   168 | D        | Reached ** piety under Vehumet
   175 | D        | Killed a kobold brigand
   176 | D        | Reached skill level 6 in Spellcasting
   176 | D        | Reached XP level 3. HP: 9/19 MP: 2/13
   176 | D        | Reached XP level 4. HP: 12/24 MP: 2/14
   433 | D        | Learned a level 1 spell: Foxfire
   438 | D        | Learned a level 4 spell: Petrify
   443 | D        | Learned a level 3 spell: Stone Arrow
   448 | D        | Learned a level 4 spell: Petrify
   518 | D        | Offered knowledge of Searing Ray by Vehumet.
   519 | D        | Reached skill level 7 in Spellcasting
   540 | D        | Learned a level 2 spell: Searing Ray
   544 | D        | Noticed a water moccasin
   544 | D        | Noticed a bullfrog
   549 | D        | Offered knowledge of Frozen Ramparts by Vehumet.
   549 | D        | Reached *** piety under Vehumet
   550 | D        | Reached skill level 8 in Spellcasting
   550 | D        | Reached XP level 5. HP: 28/28 MP: 9/17
   552 | D        | Reached skill level 5 in Dodging
   552 | D        | Reached skill level 9 in Spellcasting
   741 | D        | Killed a water moccasin
   741 | D        | Offered knowledge of Mephitic Cloud by Vehumet.
   742 | D        | Reached skill level 10 in Spellcasting
   742 | D        | Reached skill level 10 in Earth Magic
   742 | D        | Reached XP level 6. HP: 29/33 MP: 6/21
   764 | D        | Reached **** piety under Vehumet
   771 | D        | Learned a level 3 spell: Mephitic Cloud
   917 | D        | Offered knowledge of Sticky Flame by Vehumet.
   918 | D        | Reached skill level 11 in Spellcasting
   918 | D        | Reached skill level 1 in Conjurations
   951 | D        | Noticed a catoblepas
   972 | D        | Killed a catoblepas
   973 | D        | Reached skill level 1 in Fighting
   973 | D        | Reached skill level 5 in Stealth
   973 | D        | Reached skill level 13 in Spellcasting
   973 | D        | Reached XP level 7. HP: 34/38 MP: 13/26
  1031 | D        | Noticed a fire bat
  1033 | D        | Reached skill level 14 in Spellcasting
  1033 | D        | Killed a fire bat
  1034 | D        | Reached XP level 8. HP: 43/43 MP: 19/28
  1037 | D        | Reached ***** piety under Vehumet
  1131 | D        | Learned a level 4 spell: Sticky Flame
  1132 | D        | Noticed a polar bear
  1138 | D        | Killed a polar bear
  1138 | D        | Offered knowledge of Lightning Bolt by Vehumet.
  1139 | D        | Reached skill level 15 in Spellcasting
  1139 | D        | Reached skill level 1 in Fire Magic
  1139 | D        | Reached skill level 1 in Poison Magic
  1320 | D        | Reached skill level 5 in Conjurations
  1320 | D        | Reached skill level 1 in Air Magic
  1464 | D        | Noticed a deep troll
  1467 | D        | Killed a deep troll
  1468 | D        | Reached skill level 16 in Spellcasting
  1468 | D        | Reached XP level 9. HP: 47/47 MP: 20/31
  1534 | D        | Noticed a hellwing
  1540 | D        | Killed a hellwing
  1540 | D        | Offered knowledge of Irradiate by Vehumet.
  1626 | D        | Reached skill level 17 in Spellcasting
  1949 | D        | Noticed an orc knight
  1953 | D        | Offered knowledge of Orb of Destruction by Vehumet.
  1956 | D        | Killed an unseen horror
  1957 | D        | Reached skill level 1 in Armour
  1957 | D        | Reached skill level 15 in Earth Magic
  1969 | D        | Reached skill level 18 in Spellcasting
  1969 | D        | Killed an orc knight
  1970 | D        | Reached XP level 10. HP: 38/53 MP: 14/34
  2165 | D        | Noticed a bog body
  2166 | D        | Noticed a rust devil
  2171 | D        | Slain by a bog body

Illustrated notes

Levels and vault maps discovered:
D:        pitsprint [storerooms_1, entrance_room_1, metal_vault_6, armoury_2,
          mini_pit_1, grid_room_1, main_hall_1, silver_pit, the_coven_3,
          the_vestibule_1, steel_vault_5, golden_pit, hallway_of_sentries,
          crystal_vault_1, iron_vault_4, final_vault]

Skill      XL: |  1  2  3  4  5  6  7  8  9 |
---------------+----------------------------+-----
Earth Magic    | 4 7 8 10 12 14 15 | 15.5
Stealth        | 3 4 5 |  5.9
Dodging        | 4 5 7 8 |  8.6
Spellcasting   | 6 8 10 13 14 16 18 | 18.4
Conjurations   | 3 4 6 8 |  8.7
Fighting       | 1 2 |  2.0
Fire Magic     | 1 |  1.3
Poison Magic   | 1 |  1.5
Air Magic      | 1 |  1.3
Armour         | 2 |  2.3
Transmutations | |  1.3

Action                   |  1- 3 |  4- 6 |  7- 9 | 10-12 || total
-------------------------+-------+-------+-------+-------++-------
Melee: Quarterstaff      |     1 |       |       |       ||     1
 Cast: Sandblast         |    16 |     7 |     8 |       ||    31
       Foxfire           |       |     3 |       |       ||     3
       Stone Arrow       |       |    15 |    37 |       ||    52
       Mephitic Cloud    |       |     2 |     2 |       ||     4
       Searing Ray       |       |       |     3 |     1 ||     4
       Sticky Flame      |       |       |       |     1 ||     1
  Use: Potion            |     2 |     3 |     1 |     1 ||     7
       Scroll            |       |     2 |       |       ||     2
Armor: Robe              |     5 |     1 |       |       ||     6
       Troll leather arm |       |       |     2 |       ||     2
Dodge: Dodged            |    15 |     8 |    14 |     1 ||    38

Table legend: (Time is in decaauts)
 A = Elapsed time spent in this place.
 B = Non-inter-level travel time spent in this place.
 C = Inter-level travel time spent in this place.
 D = Time resting spent in this place.
 E = Time spent auto-exploring this place.
 F = Levels seen in this place.
 G = Mean time per level.
                   A        B        C        D        E       F      G
               +--------+--------+--------+--------+--------+-----+--------+
         Total |   2176 |   2176 |      0 |   1559 |      0 |   1 | 2176.0 |
       Dungeon |   2176 |   2176 |      0 |   1559 |      0 |   1 | 2176.0 |
               +--------+--------+--------+--------+--------+-----+--------+

Top non-repeatable levels by time:
       D: 2176 daAuts
